 Dungeon Crawl Stone Soup version 0.23.2-1-ga50397a6bc (webtiles) character file.

Game seed: 17974911125446065974

530 Peloso the Slasher (level 7, 0/61 HPs)
             Began as a Minotaur Fighter on June 1, 2019.
             Slain by an ogre
             ... wielding a +0 giant club
              (22 damage)
             ... on level 5 of the Dungeon.
             The game lasted 00:06:29 (2192 turns).

Peloso the Slasher (Minotaur Fighter)               Turns: 2192, Time: 00:06:29

Health: 0/61       AC:  9    Str: 21    XL:     7   Next: 3%
Magic:  6/6        EV:  6    Int:  5    God:
Gold:   214        SH: 10    Dex: 11    Spells: 6/6 levels left

rFire    + . .     SeeInvis .   a - +0 long sword
rCold    x . .     Gourm    .   c - +0 shield
rNeg     . . .     Faith    .   q - +0 chain mail (curse)
rPois    .         Spirit   .   (helmet restricted)
rElec    .         Reflect  .   (no cloak)
rCorr    .         Harm     .   (no gloves)
MR       .....                  (no boots)
Stlth    ..........             (no amulet)
HPRegen  0.20/turn              e - ring of fire
MPRegen  0.10/turn              (no ring)

@: no status effects
A: retaliatory headbutt, horns 2
a: no special abilities


You were on level 5 of the Dungeon.
You were not hungry.

You visited 1 branch of the dungeon, and saw 4 of its levels.

You collected 214 gold pieces.

Inventory:

Hand Weapons
 a - a +0 long sword (weapon)
Armour
 b - a +0 scale mail
 c - a +0 shield (worn)
 q - a cursed +0 chain mail (worn)
Jewellery
 e - a ring of fire (left hand)
Wands
 o - a wand of paralysis (4)
 u - a wand of digging (5)
Scrolls
 d - a scroll of enchant armour {unknown}
 g - 2 scrolls of random uselessness {unknown}
 h - 2 scrolls of fog {unknown}
 i - 4 scrolls of remove curse {unknown}
 j - a scroll of teleportation {unknown}
 m - 2 scrolls of amnesia {unknown}
 n - 2 scrolls of immolation {unknown}
 r - 2 scrolls of identify {unknown}
Potions
 k - a potion of mutation {unknown}
 l - 3 potions of heal wounds {unknown}
 p - 3 potions of agility {unknown}
 t - 2 potions of lignification {unknown}
Comestibles
 f - 8 rations


   Skills:
 + Level 5.0 Fighting
 + Level 6.1 Long Blades
 + Level 5.2 Armour
 + Level 1.3 Dodging
 + Level 0.2 Stealth
 + Level 5.4 Shields


You had 6 spell levels left.
You didn't know any spells.
Your spell library contained the following spells:

 Spells                   Type           Power        Failure   Level  Hunger
 Beastly Appendage        Tmut           #.....       100%        1    ##.....
 Sticks to Snakes         Tmut           #.......     100%        2    ###....
 Spider Form              Tmut/Pois      #.........   100%        3    ####...
 Ice Form                 Ice/Tmut       #.......     100%        4    #####..
 Blade Hands              Tmut           #.........   100%        5    ######.


Dungeon Overview and Level Annotations

Branches:
Dungeon (5/15)
 Temple: D:4-7

Altars:


Innate Abilities, Weirdness & Mutations

You reflexively headbutt those who attack you in melee.
You have a pair of horns on your head.


Message History

The ogre shouts!
An ogre is nearby!
The ogre hits you with a +0 giant club!
You closely miss the ogre. The ogre hits you with a +0 giant club!
You barely miss the ogre. The ogre hits you but does no damage.
You completely miss the ogre. You block the ogre's attack.
You hit the ogre.
The ogre is lightly wounded.
The ogre hits you but does no damage.
Your shield and chain mail prevent you from hitting the ogre.
The ogre is lightly wounded.
The ogre hits you with a +0 giant club!
You barely miss the ogre.
The ogre is lightly wounded.
The ogre barely misses you.
You riposte.
You hit the ogre but do no damage.
The ogre is lightly wounded.
Your shield and chain mail prevent you from hitting the ogre.
The ogre is lightly wounded.
The ogre hits you with a +0 giant club!!
You die...

...............# #............
...............# #.....####P..
...............#####.....#.)'...
.....############....#+..#..#...
..... #....#...####... .....
#....#..........
#....#..........
#######....#..##.##...
#...O@.....#..##.#....
#..........#.....#....
#..........'.....#<...
#..........#######....
......####............# .......
#............# .......
#............# .......
#............# #............+


You could see an ogre.

Vanquished Creatures
  Sigmund (D:2)
  A phantom (D:4)
  A hound (D:4)
  An orc priest (D:5)
  An orc wizard (D:5)
  Terence (D:2)
  An iguana (D:5)
  2 worker ants (D:4)
  5 adders
  An adder zombie (D:5)
  A worm (D:4)
  7 orcs
  5 giant cockroaches
  6 hobgoblins
  4 jackals (D:4)
  4 kobolds
  5 bats
  4 frilled lizards
  6 goblins
  5 rats
62 creatures vanquished.

Notes
Turn   | Place    | Note
-------+----------+-------------------------------------------
     0 | D:1      | Peloso the Minotaur Fighter began the quest for the Orb.
     0 | D:1      | Reached XP level 1. HP: 19/19 MP: 0/0
    99 | D:1      | Reached XP level 2. HP: 27/27 MP: 1/1
   593 | D:2      | Reached skill level 3 in Long Blades
   629 | D:2      | Reached XP level 3. HP: 33/33 MP: 2/2
   642 | D:2      | Noticed Terence
   658 | D:2      | Killed Terence
   976 | D:2      | Reached XP level 4. HP: 40/40 MP: 3/3
   984 | D:2      | Noticed Sigmund
   993 | D:2      | Killed Sigmund
   993 | D:2      | Reached skill level 5 in Long Blades
   993 | D:2      | Reached skill level 1 in Dodging
   993 | D:2      | Reached XP level 5. HP: 40/47 MP: 4/4
  1223 | D:2      | You fall through a shaft for 2 floors!
  1317 | D:4      | Noticed a phantom
  1349 | D:4      | Killed a phantom
  1349 | D:4      | Reached skill level 5 in Armour
  1349 | D:4      | Reached XP level 6. HP: 32/53 MP: 5/5
  1577 | D:4      | Reached skill level 5 in Fighting
  1631 | D:4      | Reached skill level 5 in Shields
  1839 | D:5      | Entered Level 5 of the Dungeon
  2105 | D:5      | Reached skill level 6 in Long Blades
  2105 | D:5      | Reached XP level 7. HP: 52/61 MP: 6/6
  2192 | D:5      | Slain by an ogre

Skill      XL: |  1  2  3  4  5  6 |
---------------+-------------------+-----
Fighting       | 4 5 |  5.0
Armour         | 4 5 |  5.2
Long Blades    | 3 5 6 |  6.1
Shields        | 4 5 |  5.4
Dodging        | 1 |  1.3
Stealth        | |  0.2

Action                   |  1- 3 |  4- 6 |  7- 9 || total
-------------------------+-------+-------+-------++-------
Melee: Long sword        |    79 |   101 |    10 ||   190
       Headbutt          |     8 |    18 |     1 ||    27
  Use: Potion            |       |     1 |       ||     1
  Eat: Chunk             |       |     4 |       ||     4
Armor: Scale mail        |    34 |    15 |       ||    49
       Chain mail        |       |    21 |     2 ||    23
Dodge: Dodged            |    23 |    23 |     1 ||    47
Block: Shield            |    38 |    69 |     2 ||   109
       Rpst.: Long sword |     8 |     8 |     1 ||    17
